[Event "*** Titled Tuesday Blitz"]
[Site "Chess.com"]
[Date "2021.02.16"]
[Round "4"]
[White "jd001"]
[Black "Srisshhhtea"]
[Result "0-1"]
[WhiteElo "2276"]
[BlackElo "2444"]
[TimeControl "180+1"]
[EndTime "10:44:02 PST"]
[Termination "Srisshhhtea won by resignation"]

1. d4 d5 2. c4 e6 3. Nc3 Be7 4. Nf3 Nf6 5. Bg5 h6 6. Bh4 O-O 7. e3 b6 8. cxd5 Nxd5 9. Bxe7 Qxe7 10. Nxd5 exd5 11. Bd3 c5 12. dxc5 bxc5 13. O-O Be6 14. Rc1 Nc6 15. e4 Rfd8 16. exd5 Bxd5 17. Qe2 Qxe2 18.
Bxe2 Nd4 19. Nxd4 cxd4 20. b3 a5 21. Rfd1 Be6 22. Bc4 Bg4 23. f3 Bf5 24. Kf2 Rd6 25. Rd2 Rad8 26. Re1 Kf8 27. Re5 Bg6 28. Rxa5 R8d7 29.
a4 Ke7 30. g4 Kd8 31. Re5 Kc7 32. a5 Kb7 33. a6+ Ka7 34. h4 f6 35. Rc5 Bf7 36.
b4 Bxc4 37. Rxc4 Kxa6 38. Rc5 Kb6 39. Ke2 Re6+ 40. Kd1 Re3 41. f4 Re4 42. g5 Rxf4 43.
gxh6 gxh6 44. h5 d3 45. Kc1 Rxb4 46. Rf5 Rc4+ 47. Kb2 Rd6 48. Kb3 Rc5 49. Rf3 Rxh5 50.
Rdxd3 Rxd3+ 51. Rxd3 Kc6 52. Kc4 Rh4+ 53. Kc3 f5 54.
Kd2 Re4 55. Rh3 Re6 56. Rh5 Rf6 57. Ke3 Kd5 58. Kf4 Ke6 59. Rh2 Rg6 60. Re2+ Kf6 61. Rd2 Rg4+ 62. Kf3 Kg5 63. Rd5 Ra4 64. Rd8 Ra3+ 65.
Kg2 h5 66. Rg8+ Kf4 67. Rh8 Kg4 68. Rg8+ Kh4 69. Rf8 Rg3+ 70. Kh2 Rg5 71. Rf7 Kg4 72. Rh7 h4 73. Kg2 f4 74. Rf7 h3+ 75. Kh2 Kf3 76.
Rh7 Rg3 77. Re7 Kf2 78. Re6 f3 79. Rc6 Rg2+ 80. Kxh3 Rg7 81. Rc3 Rh7+ 82. Kg4 Rg7+ 83. Kf4 Rf7+ 84. Kg4 Kg2 85. Kh4 f2 86. Rc2 Kg1 87.
Kh3 f1=Q+ 0-1

[Event "*** Titled Tuesday Blitz"]
[Site "Chess.com"]
[Date "2021.02.16"]
[Round "4"]
[White "Manukyan_Artak"]
[Black "Artyom_ChessMate"]
[Result "1/2-1/2"]
[WhiteElo "2393"]
[BlackElo "2547"]
[TimeControl "180+1"]
[EndTime "10:44:07 PST"]
[Termination "Game drawn by repetition"]

1. e4 c5 2. Nf3 d6 3. Bb5+ Bd7 4. Bxd7+ Qxd7 5. c4 Nc6 6. Nc3 g6 7. O-O Bg7 8. d3 Nf6 9. Bg5 O-O 10. Qd2 Rfd8 11. Bh6 Bh8 12. Nd5 e6 13. Nxf6+ Bxf6 14. Bg5 Bxg5 15.
Qxg5 d5 16. Qh6 Nb4 17. Ne5 Qe7 18. Rae1 Nc2 19. Re2 Nd4 20. Re3 Qf6 21. Ng4 Qg7 22. Qg5 f5 23. exd5 fxg4 24. dxe6 Re8 25. Qxg4 Re7 26.
Re4 Rae8 27. b4 Rxe6 28. Rxe6 Rxe6 29. bxc5 Qe5 30. h4 h5 31. Qh3 Ne2+ 32. Kh1 Nf4 33. Qf3 Re7 34. Rb1 Qf5 35. Rxb7 Rxb7 36. Qxb7 Nxd3 37. Qb8+ Kg7 38. Qxa7+ Kh6 39. c6 Nxf2+ 40.
Kg1 Ng4 41. Qb6 Qe4 42. Qb4 Qxc6 43. Qd2+ Kg7 44. Qd4+ Kh7 45. Qd5 Qxd5 46. cxd5 Kg7 47. a4 Ne5 48. a5 Nd7 49. a6 Kf6 50. a7 Nb6 51. g4 Ke5 52. gxh5 gxh5 53. Kf2 Kxd5 54.
Kf3 Ke5 55. Ke3 Kf5 56. Kf3 Na8 57. Kg3 Ke4 58. Kg2 Kf4 59. Kh3 Kf3 60. Kh2 Kg4 61. Kg2 Kf4 62. Kh2 Kg4 63. Kg2 Kxh4 64. Kh2 Kg4 65. Kg2 h4 66. Kh2 Kf4 67. Kg2 Kg5 68.
Kh3 Kh5 69. Kh2 Kg4 70. Kg2 Nc7 71. Kh2 Kf4 72. Kh3 Kg5 73. Kg2 Kg4 74. Kh2 h3 75.
Kg1 Kg3 76. Kh1 Na8 77. Kg1 Nb6 78. Kh1 Kh4 79. Kh2 Kg4 80. Kh1 Na8 81. Kh2 Kh4 82. Kh1 Kg3 83. Kg1 Nc7 84. Kh1 Na8 1/2-1/2

[Event "*** Titled Tuesday Blitz"]
[Site "Chess.com"]
[Date "2021.02.16"]
[Round "4"]
[White "SirStrateg"]
[Black "GadimbayliA"]
[Result "0-1"]
[WhiteElo "2537"]
[BlackElo "2838"]
[TimeControl "180+1"]
[EndTime "10:44:08 PST"]
[Termination "GadimbayliA won by resignation"]

1. d4 d5 2. Bf4 Nf6 3. e3 Nc6 4. c4 e6 5. Nc3 Bd6 6. Bg3 O-O 7. Nf3 Ne4 8. cxd5 Bb4 9. Qb3 exd5 10. Bb5 Bxc3+ 11.
bxc3 Na5 12. Qa4 c6 13. Bd3 Bf5 14. Qc2 Nc4 15. Nh4 Nxg3 16. hxg3 Bxd3 17. Qxd3 g6 18.
Nf3 Re8 19. Nd2 Nd6 20. c4 dxc4 21. Nxc4 Nxc4 22. Qxc4 Qa5+ 23. Kf1 Rad8 24. Rb1 Re7 25. Rh4 Rd5 26. Rf4 Qd2 27. Kg1 Red7 28. g4 Qa5 29. a4 h5 30. gxh5 Rxh5 31. g4 Rhd5 32. Kg2 Qd8 33. Rh1 Qg5 34. Kf3 R5d6 35. Qc5 Qxc5 36. dxc5 Rd2 37. Rb1 a5 38. Rc4 Ra2 39. Kg3 Kf8 40. g5 Ke8 41. Rh1 Rd5 42. f3 Rxg5+ 43.
Kf4 Rf5+ 44. Ke4 Ke7 45. Rh8 Rb2 46. Rc8 Kd7 47. Ra8 Rb4 48. Kd4 Rxc4+ 49. Kxc4 Rxf3 50. Kd4 Rf1 51. Rxa5 Rd1+ 52. Ke4 Rd5 53. Ra7 Kc7 54. Ra8 Rxc5 55. Rf8 Rf5 56. a5 Rxa5 57. Rxf7+ Kb6 58. Rg7 g5 59. Kd4 Rd5+ 60. Kc4 Ka6 61. e4 b5+ 62. Kc3 Rc5+ 63. Kd4 Rc4+ 64. Kd3 Rc1 65.
Rxg5 b4 66. Rg2 Kb5 67. e5 Re1 68. Kd4 c5+ 69. Kd5 b3 70. e6 c4 71. Rg8 Kb4 72.
Rc8 Rd1+ 73. Ke5 c3 74. e7 Re1+ 75. Kd6 Rxe7 76. Kxe7 b2 77. Rb8+ Ka3 78. Ra8+ Kb3 79. Rb8+ Kc2 0-1

[Event "*** Titled Tuesday Blitz"]
[Site "Chess.com"]
[Date "2021.02.16"]
[Round "4"]
[White "Artem_Sadovsky"]
[Black "Funo09"]
[Result "0-1"]
[WhiteElo "2577"]
[BlackElo "2773"]
[TimeControl "180+1"]
[EndTime "10:44:19 PST"]
[Termination "Funo09 won by resignation"]

1. Nf3 Nf6 2. c4 Nc6 3. b3 e5 4.
Bb2 d6 5. g3 g6 6. Bg2 Bg7 7.
O-O O-O 8. Ne1 h5 9. h4 Be6 10. Nc3 Qd7 11. Nd5 Bh3 12. Nxf6+ Bxf6 13. Nc2 Ne7 14. d4 e4 15. Bxe4 Bxf1 16. Qxf1 c6 17.
Qg2 Rfe8 18. e3 Nf5 19. Qf3 Bg7 20. Bxf5 Qxf5 21. Qxf5 gxf5 22. Ne1 Rad8 23. Nd3 Bh6 24. Kg2 Kh7 25. Kf3 Kg6 26. Rd1 Re4 27. Ba3 a6 28. c5 d5 29. Bb4 Rde8 30. Ba5 f6 31.
Rd2 f4 32. gxf4 Kf5 33. Nc1 Bxf4 34. exf4 Rxf4+ 35. Kg2 Rxh4 36. Ne2 Rg4+ 37. Ng3+ Kg6 38. Kh3 Rf4 39. Kg2 h4 40. Nf1 Re1 41. Nh2 Ra1 42.
a4 Rb1 43. Rd3 Rb2 44. Nf3 Kh5 45. Bc7 Rg4+ 46. Kf1 Rb1+ 47. Ke2 Re4+ 48. Kd2 Rb2+ 49. Kc3 Rxf2 50. Nd2 Rg4 51. Kb4 f5 52. Nf3 f4 53.
Ne5 Rg3 54. Rd1 h3 55. Rh1 h2 56. Nd7 Rg1 57. Rxh2+ Rxh2 58. Bxf4 Rh4 59. Be5 Rb1 60.
Nf6+ Kg5 61. Ne8 Rh3 62. Ka5 Rhxb3 63. Nd6 R3b2 64. Bg7 Kg4 65. Bf6 Kf3 66. Bd8 Ra2 67.
Bb6 Rba1 68. Bc7 Rxa4+ 69. Kb6 Rb4+ 70. Ka7 Rxd4 71. Bb6 Rdd1 72. Kxb7 d4 73. Kxc6 d3 74. Nc4 Rac1 75. Ne5+ Ke4 76. Kd6 d2 77. Ba5 Rc2 78. c6 Re1 79. Bxd2 Rd1 80. Ke6 Rcxd2 81. c7 Rc2 82. Ng4 Rxc7 83. Nf2+ Kd4 84. Nxd1 a5 85.
Nb2 Rb7 86. Na4 Rb4 87. Kd6 0-1

[Event "*** Titled Tuesday Blitz"]
[Site "Chess.com"]
[Date "2021.02.16"]
[Round "4"]
[White "zmeeed67"]
[Black "SanQui14"]
[Result "1-0"]
[WhiteElo "2318"]
[BlackElo "2435"]
[TimeControl "180+1"]
[EndTime "10:44:25 PST"]
[Termination "zmeeed67 won by checkmate"]

1. e4 e5 2. Nf3 Nc6 3. c3 Nf6 4. d4 exd4 5. e5 Ne4 6. Bd3 d5 7. cxd4 Be7 8. O-O O-O 9. a3 Bg4 10. Be3 f5 11. exf6 Bxf6 12. Be2 Qd7 13. Nc3 Rae8 14. Qb3 Be6 15. Rad1 Bf7 16. Qxb7 Rb8 17. Qa6 Rxb2 18. Na4 Ra2 19. Bb5 Nb8 20. Bxd7 Nxa6 21. Ra1 Rxa1 22. Rxa1 Rb8 23. h4 Rb3 24. Ne5 Be7 25.
Bc6 Be6 26. Bc1 Bxh4 27. f4 Bf2+ 28. Kh2 Bxd4 29. Ra2 Nb8 30. Ba8 c5 31. f5 Bxf5 32.
Bxd5+ Kf8 33. Bxb3 Bxe5+ 34. Kg1 Bd4+ 35. Kh2 Nc6 36. Bd5 Be5+ 37. Kg1 Nd4 38. Bxe4 Bxe4 39. Nc3 Bg6 40. Be3 Ne6 41. Rf2+ Ke7 42. Nd5+ Kd6 43.
Nf4 Nxf4 44. Bxf4 c4 45. Bxe5+ Kxe5 46. Kf1 c3 47. Ke1 c2 48. Kd2 Kd4 49. Rf4+ Kc5 50. Ra4 Kb6 51. Rd4 a5 52. Rd7 Kb5 53. Rxg7 Ka4 54.
Ra7 Be4 55. g3 Bg6 56. Kc1 Be4 57. Kb2 Bg6 58. Rc7 Kb5 59. Rc3 Ka4 60. Re3 Kb5 61. Rf3 Kc4 62. Rf4+ Kd3 63. Kc1 Kc3 64. Ra4 Kb3 65.
Rxa5 Be8 66. Ra7 Bg6 67. a4 Kb4 68. a5 Kb5 69. Ra8 Kc6 70. a6 Kb6 71. Kd2 Bf5 72.
Rf8 Bg6 73. Ra8 Be4 74. Re8 Bg6 75. Re6+ Ka7 76. Kc1 Kb8 77. g4 Ka8 78. g5 Kb8 79. Re7 Ka8 80. Kb2 Kb8 81. a7+ Ka8 82. Rc7 Bf5 83.
Kb3 Bg6 84. Kb4 Bf5 85. Kb5 Bg6 86. Kb6 Bf5 87. Rc3 h6 88. gxh6 Bh7 89. Rc8# 1-0

[Event "*** Titled Tuesday Blitz"]
[Site "Chess.com"]
[Date "2021.02.16"]
[Round "4"]
[White "louis198"]
[Black "RD4ever"]
[Result "0-1"]
[WhiteElo "2549"]
[BlackElo "2863"]
[TimeControl "180+1"]
[EndTime "10:44:34 PST"]
[Termination "RD4ever won by resignation"]

1. d4 Nf6 2. Bf4 g6 3. e3 Bg7 4. h3 O-O 5. Nf3 d6 6. Bc4 b6 7. O-O Bb7 8. a4 a6 9. c3 c5 10.
Nbd2 Nbd7 11. Qb3 Ra7 12. Rfd1 Qa8 13. Ne1 Bd5 14. Bh2 Rb8 15. Bxd5 Qxd5 16. Qc2 Rc7 17. e4 Qb7 18. e5 Ne8 19. exd6 exd6 20. dxc5 Rxc5 21. Nb3 Rc6 22. Nf3 Rbc8 23. Qe2 Ndf6 24. Nbd4 R6c7 25. Re1 h6 26. Rad1 Rd7 27. Qc2 d5 28.
Qb3 Ne4 29. Ne5 Re7 30. Ndf3 N8f6 31. Ng4 Rce8 32. Nxf6+ Nxf6 33. Rxe7 Rxe7 34. Bd6 Rd7 35. Be5 Ne4 36. Bxg7 Kxg7 37. Nd4 Qc7 38. Qc2 Qe5 39. Qe2 a5 40. Nf3 Qf6 41. Rd4 Nc5 42. Qd1 Qe6 43. Rd2 Ne4 44. Rd4 Nc5 45. Rd2 Rd8 46.
Nd4 Qf6 47. Re2 Ne4 48. f3 Ng3 49. Re3 Nh5 50. Qd3 Nf4 51. Qd2 Qg5 52. Kh2 Nxg2 53. Re2 Nf4 54. Rf2 h5 55. Ne2 Nxh3 56. Qxg5 Nxg5 57.
Kg3 Ne6 58. Nd4 Nxd4 59. cxd4 Rc8 60. b3 Rc3 61. Rb2 Rd3 62. Kf4 Rxd4+ 63. Ke5 Rd3 64. f4 h4 65. b4 axb4 66. Rxb4 h3 67. Rxb6 h2 68. Rb1 Ra3 69. Rh1 Rxa4 70. Rxh2 Re4+ 71. Kxd5 Rxf4 72. Ke5 Rf5+ 73. Ke4 Kf6 74. Rg2 g5 75.
Ra2 Rf4+ 76. Ke3 Kf5 77. Rg2 f6 78. Ra2 Kg4 79. Rg2+ Kh3 80. Ra2 Rb4 81. Ra1 g4 82.
Ra8 Kg3 83. Rf8 Rb6 84. Ke4 Kf2 85. Kf4 g3 86. Ra8 Rb4+ 87. Kf5 g2 88. Ra2+ Kg1 89. Kxf6 Kh1 0-1

[Event "*** Titled Tuesday Blitz"]
[Site "Chess.com"]
[Date "2021.02.16"]
[Round "4"]
[White "PotapovaM"]
[Black "CM_rui"]
[Result "1-0"]
[WhiteElo "2607"]
[BlackElo "2413"]
[TimeControl "180+1"]
[EndTime "10:44:39 PST"]
[Termination "PotapovaM won by resignation"]

1. d4 Nf6 2. c4 e6 3. Nf3 Bb4+ 4. Nbd2 O-O 5. a3 Be7 6. e4 d6 7. Be2 Nbd7 8. O-O a5 9. Re1 e5 10. d5 h6 11. Rb1 Nc5 12. Bf1 a4 13. b4 axb3 14. Nxb3 Nfxe4 15. Qc2 f5 16. Nfd2 Bd7 17. Nxe4 Nxe4 18. f3 Nf6 19. c5 Nxd5 20. Bc4 Be6 21. cxd6 Qxd6 22. Bb2 Bf6 23. Rbd1 c6 24. Kh1 Rac8 25.
Bd3 g6 26. Nc5 b6 27. Nb3 Qc7 28. Nd2 Nf4 29. Bf1 Rfd8 30. Nc4 Rxd1 31. Qxd1 Rd8 32.
Qc2 Bxc4 33. Bxc4+ Kh7 34. a4 Qd6 35. Bc1 Nd3 36.
Bxd3 Qxd3 37. Qxc6 Qd1 38. Rg1 Bh4 39. Be3 Qd3 40. Bxb6 Rd7 41. Qc8 e4 42. fxe4 fxe4 43. a5 e3 44. Bxe3 Rd8 45. Qc7+ Rd7 46. Qc6 Rd6 47.
Qb7+ Rd7 48. Qb6 Bg5 49. Bxg5 hxg5 50. a6 Rd6 51. Qb7+ Rd7 52. Qc8 Ra7 53. Re1 Qxa6 54.
Qe8 Qf6 55. h3 Rf7 56. Qe4 Kg7 57. Qg4 Qf5 58. Qe2 Qf6 59. Qe3 Kf8 60. Qc5+ Kg7 61. Qc8 Qf5 62. Qc4 Qf6 63. Qe2 Qf5 64. Qe3 Qf4 65.
Qe6 Qf6 66. Qe4 Kh6 67. Qe2 Kg7 68. Qe8 Rf8 69. Qe4 Rf7 70. Qe3 Qf5 71. Rd1 Qf6 72. Qd3 Qf5 73. Qe2 Qf6 74. Rd3 Qf1+ 75. Qxf1 Rxf1+ 76.
Kh2 Kf6 77. Kg3 Kf5 78. Rf3+ Rxf3+ 79. Kxf3 Ke5 80. Kg3 Ke6 81. Kf3 Kf5 82. Kg3 Ke5 83.
Kg4 Kf6 84. g3 Kf7 85. Kxg5 Kg7 86. Kg4 Kf6 87. Kf4 g5+ 88. Ke4 Ke6 89. g4 Kf6 90.
Kd5 Kg7 91. Ke5 Kg6 92. Ke6 Kg7 93. Kf5 Kh6 94. Kf6 Kh7 95. Kxg5 Kg7 96. Kf5 Kf7 97. h4 Kg7 98. g5 Kf7 99. Kg4 Kg7 100. h5 Kh7 101.
Kf5 Kg7 102. g6 Kh6 103. Kf6 Kxh5 104. g7 Kg4 1-0

[Event "*** Titled Tuesday Blitz"]
[Site "Chess.com"]
[Date "2021.02.16"]
[Round "5"]
[White "biostatistician"]
[Black "drragnar1"]
[Result "0-1"]
[WhiteElo "2600"]
[BlackElo "2424"]
[TimeControl "180+1"]
[EndTime "10:52:03 PST"]
[Termination "drragnar1 won by resignation"]

1. d4 Nf6 2. Nf3 c5 3. d5 d6 4. c4 e5 5. Nc3 Be7 6. h3 O-O 7. e4 Ne8 8. Bd3 g6 9. g4 Ng7 10. Bh6 Nd7 11. Qd2 Nf6 12. Nh2 Kh8 13. Nf1 Ng8 14.
Ng3 Nxh6 15. Qxh6 Bg5 0-1

[Event "*** Titled Tuesday Blitz"]
[Site "Chess.com"]
[Date "2021.02.16"]
[Round "5"]
[White "wnstop"]
[Black "hypert"]
[Result "1/2-1/2"]
[WhiteElo "2700"]
[BlackElo "2512"]
[TimeControl "180+1"]
[EndTime "10:52:56 PST"]
[Termination "Game drawn by repetition"]

1. e4 c5 2. Nf3 e6 3. g3 d5 4. exd5 exd5 5. d4 cxd4 6. Nxd4 Nf6 7. Bg2 Bc5 8. Qe2+ Be7 9. O-O O-O 10. Nc3 Nc6 11. Qd3 Ne5 12. Qe2 Nc6 13. Qd3 Ne5 14.
Qe2 Nc6 1/2-1/2

[Event "*** Titled Tuesday Blitz"]
[Site "Chess.com"]
[Date "2021.02.16"]
[Round "5"]
[White "InitiatingASC"]
[Black "elohunter1999"]
[Result "0-1"]
[WhiteElo "2432"]
[BlackElo "2624"]
[TimeControl "180+1"]
[EndTime "10:53:28 PST"]
[Termination "elohunter1999 won by resignation"]

1. d4 Nf6 2. Bf4 c5 3. e3 Qb6 4.
Nc3 Qxb2 5. Nb5 Nd5 6. Bc4 Qb4+ 7. Qd2 Qxc4 8. dxc5 Nxf4 9. Nc7+ Kd8 10. Nxa8 Nxg2+ 11. Kd1 Qf1+ 0-1

[Event "*** Titled Tuesday Blitz"]
[Site "Chess.com"]
[Date "2021.02.16"]
[Round "5"]
[White "InvisibleWarrior2252"]
[Black "Kapibara_Warri0r"]
[Result "0-1"]
[WhiteElo "2519"]
[BlackElo "2178"]
[TimeControl "180+1"]
[EndTime "10:53:46 PST"]
[Termination "Kapibara_Warri0r won by resignation"]

1. d4 Nf6 2. Nf3 g6 3. c4 Bg7 4. Nc3 O-O 5. Bf4 d6 6. e3 Nbd7 7. h3 c5 8. d5 Qa5 9. Nd2 Nh5 10. Qc2 Nxf4 11. exf4 e5 12. fxe5 Nxe5 13. Be2 Bf5 14.
Nde4 Rae8 15. Nd2 Bxc2 16. Nde4 Bxe4 0-1

[Event "*** Titled Tuesday Blitz"]
[Site "Chess.com"]
[Date "2021.02.16"]
[Round "5"]
[White "TeukkaSalama"]
[Black "Maddie"]
[Result "1-0"]
[WhiteElo "2385"]
[BlackElo "2051"]
[TimeControl "180+1"]
[EndTime "10:53:57 PST"]
[Termination "TeukkaSalama won by resignation"]

1. d4 d5 2. Bf4 Nf6 3. e3 Bf5 4.
c4 e6 5. Nc3 c6 6. Nf3 Be7 7.
Qb3 Qb6 8. c5 Qxb3 9. axb3 Nbd7 10. b4 Ne4 11. b5 O-O 12. bxc6 bxc6 13. Ba6 Nb8 14. Bb7 Nd7 15. Bxc6 Rad8 16. Rxa7 Nxc3 17.
bxc3 Nb8 18. Bb5 Bf6 19. O-O Be4 20. Rfa1 h6 21. Rb7 g5 22. Bg3 Bg6 23. Bd6 1-0

[Event "*** Titled Tuesday Blitz"]
[Site "Chess.com"]
[Date "2021.02.16"]
[Round "5"]
[White "Nachsueb"]
[Black "bazar-wokzal"]
[Result "0-1"]
[WhiteElo "2173"]
[BlackElo "2559"]
[TimeControl "180+1"]
[EndTime "10:54:04 PST"]
[Termination "bazar-wokzal won by resignation"]

1. d4 Nf6 2. c4 Nc6 3. Nf3 e6 4. a3 g6 5. Nc3 Bg7 6. e4 d5 7. e5 Ne4 8. cxd5 exd5 9. Bd3 Bf5 10. O-O O-O 11. Bxe4 dxe4 12. Ng5 Qxd4 13. e6 fxe6 14. Qxd4 Nxd4 15. Ngxe4 Nb3 16. Rb1 Bxc3 17. bxc3 Nxc1 18. Rfxc1 Bxe4 19. Rb4 Bc6 20. h4 Rad8 21. h5 Rd2 22. f3 gxh5 23. Re1 Rf6 24. Rh4 Rg6 0-1

[Event "*** Titled Tuesday Blitz"]
[Site "Chess.com"]
[Date "2021.02.16"]
[Round "5"]
[White "bsnsun"]
[Black "rugbyclub"]
[Result "1-0"]
[WhiteElo "2440"]
[BlackElo "2295"]
[TimeControl "180+1"]
[EndTime "10:54:10 PST"]
[Termination "bsnsun won by resignation"]

1. d4 Nf6 2. c4 g6 3. Nf3 Bg7 4. Nc3 O-O 5. e4 d6 6. Be2 e5 7. O-O Nc6 8. d5 Ne7 9. Bg5 c5 10. dxc6 bxc6 11. Qd2 Qc7 12. Rfd1 Ne8 13. Rac1 Rb8 14.
a3 f6 15. Be3 f5 16. c5 f4 17. cxd6 Nxd6 18. Qxd6 Qxd6 19. Rxd6 fxe3 20. fxe3 Rxb2 21. Rd2 Rb3 22. Bc4+ Be6 23. Bxe6+ 1-0

[Event "*** Titled Tuesday Blitz"]
[Site "Chess.com"]
[Date "2021.02.16"]
[Round "5"]
[White "Artyom_ChessMate"]
[Black "TokChess"]
[Result "1-0"]
[WhiteElo "2552"]
[BlackElo "2382"]
[TimeControl "180+1"]
[EndTime "10:54:15 PST"]
[Termination "Artyom_ChessMate won by resignation"]

1. e4 c5 2. Nc3 Nc6 3. Bb5 Nd4 4.
Nf3 Nxb5 5. Nxb5 a6 6. Nc3 e6 7.
d4 cxd4 8. Qxd4 Ne7 9. Be3 Nc6 10. Qb6 Qxb6 11. Bxb6 Bb4 12. O-O-O Bxc3 13. bxc3 O-O 14.
Rd6 a5 15. c4 a4 16. a3 f6 17. Rhd1 Ne5 18. Nxe5 fxe5 19. f3 Ra6 20. c5 Kf7 21. Rxd7+ Bxd7 22. Rxd7+ Kg6 23. Rxb7 Rc8 24. Kb2 Kf6 25.
c4 h5 26. Kc3 1-0

[Event "*** Titled Tuesday Blitz"]
[Site "Chess.com"]
[Date "2021.02.16"]
[Round "5"]
[White "KonstantinB_1983"]
[Black "KubaGepard"]
[Result "0-1"]
[WhiteElo "2538"]
[BlackElo "2406"]
[TimeControl "180+1"]
[EndTime "10:54:16 PST"]
[Termination "KubaGepard won by resignation"]

1. d4 d5 2. c4 dxc4 3. e4 Nf6 4. Nc3 e5 5. d5 b5 6. Nxb5 Nxe4 7. Bxc4 Nxf2 8. Qf3 Nxh1 9. d6 Qh4+ 10. g3 Qxc4 11.
Nxc7+ Kd8 12. Qxa8 Bxd6 13. Qxh1 Qxc7 14. Be3 Bb4+ 15.
Kd1 Bg4+ 16. Ne2 Ke7 0-1

[Event "*** Titled Tuesday Blitz"]
[Site "Chess.com"]
[Date "2021.02.16"]
[Round "5"]
[White "ChainsOfFantasia"]
[Black "safikiet"]
[Result "1-0"]
[WhiteElo "2483"]
[BlackElo "2310"]
[TimeControl "180+1"]
[EndTime "10:54:36 PST"]
[Termination "ChainsOfFantasia won by checkmate"]

1. d4 d5 2. Nf3 Nf6 3. c4 c6 4.
Nc3 e6 5. e3 Nbd7 6. Qc2 Bd6 7.
Bd3 dxc4 8. Bxc4 b5 9. Be2 Bb7 10. O-O a6 11. e4 e5 12. dxe5 Nxe5 13. Nd4 b4 14. Nf5 bxc3 15. Rd1 O-O 16. Rxd6 Qc7 17. Qxc3 Rfe8 18. Rxf6 Ng6 19. Rd6 Rxe4 20. Qxg7# 1-0

[Event "*** Titled Tuesday Blitz"]
[Site "Chess.com"]
[Date "2021.02.16"]
[Round "5"]
[White "kekic76"]
[Black "Isajevsky_Anton"]
[Result "1-0"]
[WhiteElo "2397"]
[BlackElo "2529"]
[TimeControl "180+1"]
[EndTime "10:54:40 PST"]
[Termination "kekic76 won by resignation"]

1. e4 c5 2. Nf3 d6 3. d4 cxd4 4. Nxd4 Nf6 5. Nc3 a6 6. Bd3 Nc6 7. Nxc6 bxc6 8. O-O g6 9. Qe2 Bg7 10. e5 dxe5 11. Qxe5 O-O 12. Qc5 Qc7 13. Re1 Re8 14.
Na4 Rb8 15. c3 e5 16. Bc4 Rb5 17. Bxb5 axb5 18. Qb6 Qxb6 19. Nxb6 Bf5 20. a4 1-0

[Event "*** Titled Tuesday Blitz"]
[Site "Chess.com"]
[Date "2021.02.16"]
[Round "5"]
[White "Leo_C"]
[Black "HanSchut"]
[Result "1-0"]
[WhiteElo "2421"]
[BlackElo "2251"]
[TimeControl "180+1"]
[EndTime "10:54:43 PST"]
[Termination "Leo_C won by checkmate"]

1. d4 Nf6 2. c4 g6 3. f3 Nc6 4. d5 Ne5 5. e4 d6 6. Nc3 Bg7 7. f4 Ned7 8. Nh3 Nc5 9. Nf2 e6 10. Be3 exd5 11. cxd5 O-O 12. Be2 Re8 13. e5 Nfd7 14.
O-O dxe5 15. fxe5 Bxe5 16. Qd2 Qe7 17. Ng4 Bxc3 18. Qxc3 f5 19. Nh6+ Kf8 20. Qh8# 1-0

[Event "*** Titled Tuesday Blitz"]
[Site "Chess.com"]
[Date "2021.02.16"]
[Round "5"]
[White "MuhittinBuker"]
[Black "BabyBoss31"]
[Result "0-1"]
[WhiteElo "2067"]
[BlackElo "2327"]
[TimeControl "180+1"]
[EndTime "10:54:49 PST"]
[Termination "BabyBoss31 won by resignation"]

1. d4 d5 2. c4 c6 3. Nc3 Nf6 4. Nf3 dxc4 5. a4 Bf5 6. e3 e6 7.
Bxc4 Bb4 8. O-O O-O 9. Qe2 Nbd7 10. e4 Bg6 11. e5 Nd5 12. Bd2 Be7 13. Ne4 N7b6 14. Bb3 a5 15. Rfd1 Nb4 16. Bc3 N6d5 17. Qd2 Bxe4 18. Qf4 Nxf4 0-1

[Event "*** Titled Tuesday Blitz"]
[Site "Chess.com"]
[Date "2021.02.16"]
[Round "5"]
[White "Mikhail_Golubev"]
[Black "Lagmantr"]
[Result "1-0"]
[WhiteElo "2553"]
[BlackElo "2701"]
[TimeControl "180+1"]
[EndTime "10:54:51 PST"]
[Termination "Mikhail_Golubev won by checkmate"]

1. e4 c5 2. Nf3 d6 3. d4 cxd4 4.
Nxd4 Nf6 5. Nc3 a6 6. Bc4 e6 7.
O-O Be7 8. Bb3 O-O 9. f4 Nc6 10. Be3 Bd7 11. Qf3 Rc8 12. f5 Ne5 13. Qe2 exf5 14.
Nxf5 Bxf5 15. Rxf5 Rxc3 16. bxc3 Nxe4 17. Bd4 Ng5 18.
Raf1 g6 19. Rxe5 dxe5 20. Qxe5 Bf6 21. Rxf6 Re8 22. Rxg6+ hxg6 23. Qh8# 1-0

[Event "*** Titled Tuesday Blitz"]
[Site "Chess.com"]
[Date "2021.02.16"]
[Round "5"]
[White "MartinMatthiesen"]
[Black "pirulillo"]
[Result "1-0"]
[WhiteElo "2370"]
[BlackElo "2153"]
[TimeControl "180+1"]
[EndTime "10:54:54 PST"]
[Termination "MartinMatthiesen won by resignation"]

1. d4 Nf6 2. c4 g6 3. Nc3 Bg7 4. e4 d6 5. Nf3 O-O 6. Be2 e5 7. Be3 Na6 8. O-O Ng4 9. Bg5 f6 10. Bh4 Nh6 11. Qc2 Nf7 12. Rad1 Qe8 13. Nd5 g5 14.
Bg3 c6 15. Ne3 h5 16. h3 exd4 17. Nxd4 Ne5 18. Ndf5 Bxf5 19. Nxf5 Nc5 20. Rxd6 1-0

[Event "*** Titled Tuesday Blitz"]
[Site "Chess.com"]
[Date "2021.02.16"]
[Round "5"]
[White "kleopl"]
[Black "jd001"]
[Result "1-0"]
[WhiteElo "2462"]
[BlackElo "2272"]
[TimeControl "180+1"]
[EndTime "10:55:01 PST"]
[Termination "kleopl won by resignation"]

1. c4 e6 2. Nc3 f5 3. g3 Nf6 4.
Bg2 Bb4 5. Qb3 c5 6. a3 Ba5 7.
Bxb7 Bxb7 8. Qxb7 Nc6 9. Qb3 O-O 10. Nf3 Rb8 11. Qc2 Nd4 12. Nxd4 cxd4 13. Nb5 Qb6 14. b4 a6 15. bxa5 Qc5 16. a4 axb5 17. axb5 Rxb5 18. Ba3 Qc6 19. O-O Rc8 20. Be7 Qxc4 21. Qxc4 Rxc4 22. a6 Rc8 23. a7 Ra8 24. Bd6 Ne4 25. Bb8 Nxd2 26.
Rfc1 Nb3 27. Rc8+ Kf7 28. Rb1 Rb7 29. Kg2 h5 30. h4 g6 31. Rh8 Kg7 32. Be5+ 1-0

[Event "*** Titled Tuesday Blitz"]
[Site "Chess.com"]
[Date "2021.02.16"]
[Round "5"]
[White "northridgehawk"]
[Black "Ave_Mariia"]
[Result "0-1"]
[WhiteElo "2335"]
[BlackElo "2484"]
[TimeControl "180+1"]
[EndTime "10:55:05 PST"]
[Termination "Ave_Mariia won by resignation"]

1. e4 c5 2. Nf3 d6 3. d4 cxd4 4. Nxd4 Nf6 5. Nc3 g6 6. Be3 Bg7 7. f3 O-O 8. Qd2 Nc6 9. O-O-O d5 10. Qe1 e5 11. Nxc6 bxc6 12. exd5 Nxd5 13. Bc4 Be6 14.
Ne4 Qc7 15. Bc5 Rfd8 16. Qh4 h6 17. g4 Rd7 18. g5 h5 19. Rd2 Nf4 20. Bd6 Rxd6 21. Nxd6 Bd5 22. Bxd5 cxd5 23. Nb5 Qa5 24. Na3 Rb8 25. Rhd1 Qb4 26. c3 Nd3+ 27. Kc2 Qxh4 28. Rxd3 d4 29. Nc4 Qxh2+ 30. R1d2 Qf4 31. Nd6 Qxg5 32.
Ne4 Qf5 0-1

[Event "*** Titled Tuesday Blitz"]
[Site "Chess.com"]
[Date "2021.02.16"]
[Round "5"]
[White "FredyMatsuura"]
[Black "VFernandezB"]
[Result "0-1"]
[WhiteElo "2292"]
[BlackElo "2436"]
[TimeControl "180+1"]
[EndTime "10:55:05 PST"]
[Termination "VFernandezB won by resignation"]

1. d4 Nf6 2. c4 g6 3. Nc3 d5 4. Nf3 Bg7 5. e3 O-O 6. Qb3 dxc4 7. Bxc4 c5 8. Ne5 e6 9. dxc5 Qc7 10. Nd3 Nfd7 11. Nb5 Qc6 12. Nd4 Qxg2 13. Rf1 Nc6 14.
Nxc6 bxc6 15. Bd2 Rb8 16. Qa3 Ne5 17. Nxe5 Bxe5 18. Bc3 Qe4 19. O-O-O Qxc4 20. Kc2 Bxc3 21. Qxc3 Qxc3+ 22. Kxc3 Ba6 0-1

[Event "*** Titled Tuesday Blitz"]
[Site "Chess.com"]
[Date "2021.02.16"]
[Round "5"]
[White "fabianvivasz"]
[Black "MoreChessJulia"]
[Result "1-0"]
[WhiteElo "2363"]
[BlackElo "2138"]
[TimeControl "180+1"]
[EndTime "10:55:11 PST"]
[Termination "fabianvivasz won by resignation"]

1. e4 c5 2. Nc3 Nc6 3. Bb5 Nd4 4. Nf3 Nxb5 5. Nxb5 a6 6. Nc3 g6 7. d4 Bg7 8. e5 cxd4 9. Qxd4 Qc7 10. Bf4 e6 11. Ne4 Ne7 12. Nd6+ Kf8 13. O-O-O Nf5 14. Qb4 Nxd6 15.
Rxd6 Kg8 16. Rhd1 Bf8 17. Qd4 Bxd6 18. exd6 Qa5 19. Bh6 e5 20. Nxe5 f6 21. Qc4+ 1-0

[Event "*** Titled Tuesday Blitz"]
[Site "Chess.com"]
[Date "2021.02.16"]
[Round "5"]
[White "stepakyedael"]
[Black "alejogarcia1999"]
[Result "0-1"]
[WhiteElo "2336"]
[BlackElo "2504"]
[TimeControl "180+1"]
[EndTime "10:55:20 PST"]
[Termination "alejogarcia1999 won by checkmate"]

1. d4 Nf6 2. c4 g6 3. Nc3 Bg7 4.
e4 d6 5. f3 O-O 6. Be3 e5 7. d5 Nh5 8. Qd2 c6 9. O-O-O cxd5 10.
Qxd5 Nc6 11. Qxd6 Qa5 12. Qc5 Qc7 13. Nd5 Qb8 14. Ne7+ Nxe7 15. Qxe7 Be6 16. b3 Rc8 17. Kb2 Bf8 18. Qh4 a5 19. a4 b5 20.
axb5 a4 21. b6 axb3 22. Rd5 Ra2+ 23. Kb1 Ra1+ 24. Kb2 Qa8 25. Bd3 Qa3+ 26. Kc3 Bb4# 0-1